 Dungeon Crawl Stone Soup version 0.21.1-1-g345015fe64 (webtiles) character file.

57 Freyura the Covered (level 4, -2/29 HPs)
             Began as a Gargoyle Fighter on June 3, 2018.
             Killed from afar by test1's ghost (14 damage)
             ... with a puff of flame
             ... on level 3 of the Dungeon.
             The game lasted 00:03:16 (1215 turns).

Freyura the Covered (Gargoyle Fighter)              Turns: 1215, Time: 00:03:18

Health: -2/29      AC: 10    Str: 20    XL:     4   Next: 0%
Magic:  4/4        EV:  7    Int:  8    God:
Gold:   91         SH:  8    Dex: 10    Spells: 3/3 levels left

rFire    . . .     SeeInvis .   a - +0 flail
rCold    . . .     Gourm    .   c - +0 shield
rNeg     + . .     Faith    .   b - +0 scale mail
rPois    ∞         Spirit   .   (no helmet)
rElec    +         Reflect  .   (no cloak)
rCorr    .         Harm     .   (no gloves)
MR       .....                  (no boots)
Stlth    ..........             (no amulet)
HPRegen  0.09/turn              (no ring)
MPRegen  0.09/turn              (no ring)

@: heavily drained
A: negative energy resistance 1, electricity resistance, unbreathing,
petrification resistance, rot immunity, AC +3
a: no special abilities


You were on level 3 of the Dungeon.
You were full.

You visited 1 branch of the dungeon, and saw 3 of its levels.

You collected 91 gold pieces.

Inventory:

Hand Weapons
 a - a +0 flail (weapon)
Armour
 b - a +0 scale mail (worn)
 c - a +0 shield (worn)
Jewellery
 e - an uncursed amulet of harm
Scrolls
 g - a scroll of teleportation {unknown}
 i - 3 scrolls of identify {unknown}
 l - a scroll of random uselessness {unknown}
 m - a scroll of fear {unknown}
Potions
 d - a potion of might
 h - a potion of curing {unknown}
 j - a potion of lignification {unknown}
 k - a potion of heal wounds {unknown}
Comestibles
 f - 7 rations


   Skills:
 + Level 3.7(2.4) Fighting
 * Level 3.0(1.7) Maces & Flails
 + Level 3.7(2.5) Armour
 + Level 3.7(2.4) Shields


You had 3 spell levels left.
You didn't know any spells.

Dungeon Overview and Level Annotations

Branches:
Dungeon (3/15)

Altars:

Annotations:
D:3 test1's ghost, amateur DEFE


Innate Abilities, Weirdness & Mutations

You are resistant to torment.
Your stone body is resilient. (AC +3)
You are immune to poison.
You resist negative energy. (rN+)
You are resistant to electric shocks. (rElec)
You can survive without breathing.
You are immune to petrification.
You are immune to rotting.


Message History

An orc comes into view.
There is a stone staircase leading up here.
You barely miss test1's ghost. You block test1's ghost's attack.
Test1's ghost points at you and mumbles some strange words.
The flame tongue hits you!
A jackal comes into view.
The jackal barks!
You hit test1's ghost.
Test1's ghost is lightly damaged.
You hear a bark!
Test1's ghost casts a spell at you. The puff of flame hits you!
The orc shouts!
You hit test1's ghost but do no damage.
Test1's ghost is lightly damaged.
Test1's ghost gestures at you while chanting.
The flame tongue misses you. Test1's ghost casts a spell at you.
The puff of flame hits you!
You die...

## ## ### #. .#
...$ #.#.######
.....#lh.......
.l.o..oh.......
#W# #@# ###


You could see test1's ghost, an orc, 2 jackals and a frilled lizard.

Vanquished Creatures
  2 worms (D:2)
  2 dart slugs (D:2)
  2 orcs (D:3)
  3 bats
  4 giant cockroaches
  6 goblins
  4 hobgoblins (D:2)
  2 jackals (D:2)
  4 frilled lizards
  8 kobolds
  7 rats
44 creatures vanquished.

Notes
Turn   | Place    | Note
-------+----------+-------------------------------------------
     0 | D:1      | Freyura the Gargoyle Fighter began the quest for the Orb.
     0 | D:1      | Reached XP level 1. HP: 14/14 MP: 1/1
     2 | D:1      | Noticed a vine stalker
     2 | D:1      | Noticed a dwarf
     4 | D:1      | Noticed a draconian
     6 | D:1      | Noticed a vampire
     8 | D:1      | Noticed a formicid
     8 | D:1      | Noticed a naga
    10 | D:1      | Noticed a centaur
    10 | D:1      | Noticed a felid
    12 | D:1      | Noticed a minotaur
    14 | D:1      | Noticed a spriggan
    14 | D:1      | Noticed a ghoul
    16 | D:1      | Noticed a merfolk
    16 | D:1      | Noticed a halfling
    18 | D:1      | Noticed an ogre
    18 | D:1      | Noticed a tengu
    20 | D:1      | Noticed a demigod
    20 | D:1      | Noticed a human
    22 | D:1      | Noticed an octopode
    24 | D:1      | Noticed a gargoyle
    24 | D:1      | Noticed a demonspawn
    26 | D:1      | Noticed an elf
    26 | D:1      | Noticed a troll
   129 | D:1      | Reached XP level 2. HP: 14/19 MP: 2/2
   520 | D:2      | Reached XP level 3. HP: 17/23 MP: 3/3
  1207 | D:3      | Noticed test1's ghost (amateur DEFE)
  1211 | D:3      | Reached XP level 4. HP: 26/29 MP: 4/4
  1215 | D:3      | Killed from afar by test1's ghost

Skill      XL: |  1  2  3 |
---------------+----------+-----
Maces & Flails | 3 |  3.0
Fighting       | |  3.7
Armour         | |  3.7
Shields        | |  3.7

Action                   |  1- 3 |  4- 6 || total
-------------------------+-------+-------++-------
Melee: Flail             |   218 |     3 ||   221
  Eat: Ration            |     2 |       ||     2
Armor: Scale mail        |   139 |       ||   139
Dodge: Dodged            |    88 |     1 ||    89
Block: Shield            |   123 |     1 ||   124
